 Dungeon Crawl Stone Soup version 0.30-b1-2-g02819fbbbe (webtiles) character file.

Game seed: 6165918382092642744

1486 Arcadio the Basher (level 9, 0/118 HPs)
             Began as a Meteoran Fighter on May 15, 2023.
             Was a Follower of Makhleb.
             Slain by a killer bee (3 damage)
             ... on level 7 of the Dungeon.
             The game lasted 00:16:13 (2859 turns).

Arcadio the Basher (Meteoran Fighter)               Turns: 2859, Time: 00:16:14

Health: 0/118      AC: 11    Str: 22    XL:     9   Next: 28%
Magic:  10/10      EV:  8    Int: 11    God:    Makhleb [*.....]
Gold:   278        SH: 10    Dex: 19    Spells: 8/8 levels left

rFire   . . .        v - +0 morningstar
rCold   . . .        c - +0 buckler
rNeg    . . .        r - +0 chain mail
rPois   .            (no helmet)
rElec   .            (no cloak)
rCorr   .            (no gloves)
SInv    +            (no boots)
Will    +....        l - amulet of reflection Stlth
                     g - +6 ring of dexterity
HPRegen 0.39/turn    x - ring of see invisible
MPRegen 0.12/turn

%: reflection
@: berserking, glowing, very quick
A: sense surroundings 2, otherworldly, glowing, explore regen
a: Renounce Religion


You were on level 7 of the Dungeon.
You worshipped Makhleb.
Makhleb was aware of your devotion.
You visited 2 branches of the dungeon, and saw 8 of its levels.

You collected 278 gold pieces.

Inventory:

Hand Weapons
 a - a +0 flail
 s - a +0 whip of electrocution
 v - a +0 morningstar (weapon)
Missiles
 e - 2 atropa-tipped darts (quivered)
 p - 4 datura-tipped darts
Armour
 b - a +0 scale mail
 c - a +0 buckler (worn)
 r - a +0 chain mail (worn)
Jewellery
 g - a +6 ring of dexterity (left hand)
 k - a ring of resist corrosion
 l - an amulet of reflection (around neck)
 q - an amulet of faith
 x - a ring of see invisible (right hand)
 G - a ring of willpower
Wands
 H - a wand of roots (12)
Scrolls
 f - a scroll of poison
 h - 3 scrolls of fear
 i - a scroll of teleportation
 j - a scroll of magic mapping
 u - a scroll of enchant armour
 w - a scroll of butterflies
 y - a scroll of torment
 A - a scroll of noise {unknown}
 B - 2 scrolls of blinking {unknown}
 C - a scroll of amnesia {unknown}
Potions
 d - a potion of might
 m - a potion of curing
 o - 2 potions of magic
 t - a potion of ambrosia
 z - a potion of cancellation
 D - a potion of mutation
 E - a potion of brilliance {unknown}
 F - a potion of heal wounds {unknown}
 I - a potion of haste {unknown}


   Skills:
 + Level 7.5 Fighting
 + Level 8.4 Maces & Flails
 + Level 8.2 Armour
 - Level 3.6 Shields


You had 8 spell levels left.
You didn't know any spells.
Your spell library was empty.

Dungeon Overview and Level Annotations

Branches:
Dungeon (7/15) Zot: 1335   Temple (1/1) D:5 Zot: 529

Altars:
Ashenzari
Cheibriados
Dithmenos
Elyvilon
Fedhas
Gozag
Hepliaklqana
Kikubaaqudgha
Makhleb
Nemelex Xobeh
Okawaru
Qazlal
Ru
Sif Muna
Trog
Uskayaw
Vehumet
Wu Jian
Xom
Yredelemnul
Zin
The Shining One


Innate Abilities, Weirdness & Mutations

You passively map the area around you.
You are easily found by Zot.
You glow in the dark.
You regain HP and MP as you explore.


Message History

The killer bee stings you but does no damage.
You block the killer bee's attack.
The killer bee stings you but does no damage.
You block the killer bee's attack.
The killer bee stings you but does no damage.
The killer bee closely misses you. The gnoll closely misses you.
The killer bee stings you. x2; You block the killer bee's attack.
You miss the killer bee.
You feel sick. The killer bee stings you.
You are more poisoned.
The killer bee poisons you! You block the killer bee's attack. x2
The gnoll hits you with a +0 spear. The killer bee stings you.
The killer bee stings you but does no damage.
The killer bee barely misses you.
You miss the killer bee.
You feel sick. You block the killer bee's attack.
The killer bee closely misses you. You block the killer bee's attack.
The gnoll hits you but does no damage.
The killer bee stings you but does no damage.
You block the killer bee's attack. The killer bee closely misses you.
You feel better. You block the killer bee's attack.
The killer bee stings you but does no damage.
You block the killer bee's attack. The gnoll barely misses you.
The killer bee stings you but does no damage. x2
The killer bee barely misses you.
You miss the killer bee. The killer bee stings you.
You block the killer bee's attack. x2; The killer bee stings you!
The killer bee stings you but does no damage. x2
You block the gnoll's attack. The killer bee barely misses you.
The killer bee stings you.
* * * LOW HITPOINT WARNING * * *
The killer bee stings you but does no damage.
The gnoll barely misses you.
A red film seems to cover your vision as you go berserk!
You feel yourself moving faster!
You feel mighty! The killer bee closely misses you. The killer bee stings you.
* * * LOW HITPOINT WARNING * * *
The killer bee stings you but does no damage.
The killer bee stings you!
* * * LOW HITPOINT WARNING * * *
The killer bee stings you.
You die...

#...##* ,*
#####....##...,
##.............,,,
#....#.....#... ,,
##...##...## .. ,
##.......## #.o. *
##...#....# oo.o**
#.yy########...#
##yy@###.##.#...##
##..g###o..........
#.....o#...........,
##..#..oy.........g
#.###g.#...?...... ,
## #####...y..... ,
* ........... ,
#..#.........,,,
#..##........#*


You could see 4 killer bees and a gnoll.

Vanquished Creatures
  A wyvern (D:6)
  2 water moccasins
  3 black bears
  2 centaurs
  A phantom (D:5)
  A bullfrog (D:7)
  3 scorpions
  A killer bee (D:7)
  A howler monkey (D:4)
  A jelly (D:4)
  An orc priest (D:7)
  2 iguanas
  2 orc wizards (D:7)
  A gnoll (D:7)
  5 adders
  6 dart slugs
  6 orcs
  12 ball pythons
  5 endoplasms
  5 giant cockroaches
  9 goblins
  6 hobgoblins
  3 jackals (D:1)
  4 kobolds
  A quokka (D:4)
  9 bats
  2 frilled lizards
  8 rats
103 creatures vanquished.

Notes
Turn   | Place    | Note
-------+----------+-------------------------------------------
     0 | D:1      | Arcadio the Meteoran Fighter began the quest for the Orb.
     0 | D:1      | Reached XP level 1. HP: 19/19 MP: 2/2
    52 | D:1      | Reached XP level 2. HP: 26/26 MP: 3/3
   281 | D:1      | Reached XP level 3. HP: 33/33 MP: 4/4
   478 | D:1      | Glimpsed the power of Zot.
   559 | D:2      | Reached XP level 4. HP: 40/40 MP: 5/5
   578 | D:2      | Found a burning altar of Makhleb.
   593 | D:2      | Became a worshipper of Makhleb the Destroyer
  1056 | D:3      | Reached XP level 5. HP: 46/46 MP: 6/6
  1346 | D:4      | Reached * piety under Makhleb
  1364 | D:4      | Reached skill level 5 in Armour
  1364 | D:4      | Reached XP level 6. HP: 53/53 MP: 7/7
  1493 | D:5      | Entered Level 5 of the Dungeon
  1553 | D:4      | Reached skill level 5 in Maces & Flails
  1852 | D:5      | Found a staircase to the Ecumenical Temple.
  1862 | Temple   | Entered the Ecumenical Temple
  1862 | Temple   | Found a transporter.
  1862 | Temple   | Found a transporter.
  1864 | Temple   | Found a transporter.
  1864 | Temple   | Found a transporter.
  2002 | D:5      | Reached skill level 5 in Fighting
  2011 | D:5      | Reached XP level 7. HP: 59/61 MP: 8/8
  2046 | D:5      | Noticed a water moccasin
  2060 | D:5      | Killed a water moccasin
  2180 | D:5      | Reached XP level 8. HP: 70/70 MP: 9/9
  2463 | D:6      | Found a snail-covered altar of Cheibriados.
  2463 | D:6      | Found a burning altar of Makhleb.
  2463 | D:6      | Found a glowing golden altar of the Shining One.
  2631 | D:7      | Noticed a vampire mosquito
  2632 | D:7      | Noticed a vampire mosquito
  2636 | D:7      | Noticed a wyvern
  2649 | D:6      | Killed a wyvern
  2650 | D:6      | Gained mutation: You passively map the area around you.
                  | [Meteoran growth]
  2650 | D:6      | Reached XP level 9. HP: 65/79 MP: 10/10
  2859 | D:7      | HP: 3/118 [killer bee (8)]
  2859 | D:7      | Slain by a killer bee

Illustrated notes

Levels and vault maps discovered:
D:1:      lightli_arrival_boilingwater, layout_basic
D:2:      layout_rooms, basic_altar
D:3:      layout_basic
D:4:      layout_rooms
D:5:      layout_loops_ring, minmay_temple_entry_tees, minivault_27
D:6:      layout_loops_cross, gammafunk_temple_overflow_forgotten,
          hangedman_decor_slide_cut, corexii_shack
D:7:      layout_cave_pools
Temple:   hellmonk_temple_divided_pantheon

Skill      XL: |  1  2  3  4  5  6  7  8  9 |
---------------+----------------------------+-----
Maces & Flails | 3 4 5 6 7 8 |  8.4
Armour         | 4 5 6 7 8 |  8.2
Fighting       | 4 5 7 |  7.5
Shields        | |  3.6

Action                     |  1- 3 |  4- 6 |  7- 9 || total
---------------------------+-------+-------+-------++-------
  Melee: Flail             |    76 |    41 |       ||   117
         Whip              |       |    24 |       ||    24
         Morningstar       |       |    70 |   117 ||   187
    Use: Scroll            |       |    10 |     4 ||    14
         Potion            |       |     1 |     2 ||     3
 Armour: Scale mail        |    47 |    57 |    40 ||   144
         Chain mail        |       |       |    50 ||    50
  Dodge: Dodged            |    20 |    33 |    65 ||   118
  Block: Buckler           |    25 |    94 |   119 ||   238
         Reflection        |       |     2 |     2 ||     4
